 Dungeon Crawl Stone Soup version 0.17-a0-1078-g243345b (webtiles) character file.

187 onwiheg the Poker (level 5, -3/67 HPs)
             Began as a Centaur Berserker on May 18, 2015.
             Was an Elder of Trog.
             Killed by nerve-wracking pain
             ... invoked by an orc priest
              (8 damage)
             ... on level 4 of the Dungeon.
             The game lasted 00:08:47 (2089 turns).

onwiheg the Poker (Centaur Berserker)               Turns: 2089, Time: 00:08:47

Health: -3/67      AC:  6    Str: 26    XL:     5   Next: 39%
Magic:  5/5        EV:  9    Int:  6    God:    Trog [****..]
Gold:   150        SH:  0    Dex:  8    Spells: 0 memorised, 4 levels left

rFire  . . .     SeeInvis .     u - +0 trident
rCold  . . .     Clarity  .     g - +0 leather armour (curse)
rNeg   . . .     SustAb   +     (no shield)
rPois  .         Gourm    .     l - +0 helmet
rElec  .         Spirit   .     y - +0 cloak
rCorr  .         Warding  .     (no gloves)
rMut   .         Stasis   .     (no barding)
MR     .....                    (no amulet)
Stlth  ..........               (no ring)
                                t - ring of sustain abilities

@: berserking, very quick, not resistant to hostile enchantments, extremely
unstealthy
A: hooves 3, deformed body, speed 2, tough skin 3
a: Burn Spellbooks, Berserk, Trog's Hand, Brothers in Arms, Renounce Religion


You were on level 4 of the Dungeon.
You worshipped Trog.
Trog was greatly pleased with you.
You were hungry.

You visited 1 branch of the dungeon, and saw 4 of its levels.

You collected 150 gold pieces.

Inventory:

Hand weapons
 a - a +0 spear
 u - a +0 trident (weapon)
Missiles
 p - 35 poisoned needles
Armour
 b - a +0 animal skin
 g - a cursed +0 leather armour (worn)
 l - a +0 helmet (worn)
 o - a +0 cloak
 y - a +0 cloak (worn)
Jewellery
 t - a ring of sustain abilities (left hand)
Scrolls
 e - a scroll of enchant weapon {unknown}
 i - 4 scrolls of identify {unknown}
 k - 2 scrolls of fear {unknown}
 m - 2 scrolls of teleportation {unknown}
 n - 3 scrolls of remove curse {unknown}
 q - 2 scrolls of enchant armour {unknown}
Potions
 d - a potion of heal wounds {unknown}
 h - 2 potions of might {unknown}
 j - a potion of mutation {unknown}
 s - a potion of lignification {unknown}
 v - a potion of cancellation {unknown}
 w - a potion of berserk rage {unknown}
 x - a potion of curing {unknown}
 z - a potion of degeneration {unknown}
Comestibles
 c - 4 bread rations
 f - 2 beef jerkies
 r - 2 meat rations


   Skills:
 - Level 3.0 Fighting
 + Level 5.6 Polearms
 - Level 1.3 Armour
 - Level 1.3 Dodging


You had 4 spell levels left.
You didn't know any spells.

Dungeon Overview and Level Annotations

Branches:
Dungeon (4/15)
 Temple: D:4-7

Altars:

Annotations:
D:4 Blork the orc


Innate Abilities, Weirdness & Mutations

You have hooves in place of feet.
Armour fits poorly on your strangely shaped body.
You cover ground very quickly.
You have extremely tough skin (AC +3).


Message History

You hit the orc.
The orc is moderately wounded.
The orc hits you but does no damage.
You puncture the orc!
You kill the orc!
Trog accepts your kill.
You completely miss the hound. Your kick misses the hound.
The hound barely misses you.
You barely miss the hound.
The hound pauses to sniff the ground.
The hound bites you but does no damage.
You puncture the hound! You kick the hound.
You kill the hound!
Trog accepts your kill.
You barely miss the orc. You kick the orc.
You kill the orc!
Trog accepts your kill.
The orc priest invokes the aid of Beogh against you.
Pain shoots through your body!
You die...

##.......## ##..# #
#.........####[..#####
+......<..+...........
#..<......####...#####
#.......# #.....# #
#.....# #.###.# #
#.o.# #.# #.# # #)#
#.###.# # #@# #.....#
#.# #.##### ##.## #.#
###...## #.#
##......######.#
.................#
####......########
#......# ########


You could see an orc priest.

Vanquished Creatures
  A hound (D:4)
  6 adders
  An ooze (D:1)
  2 worms
  A giant gecko (D:3)
  10 orcs
  7 bats
  5 giant cockroaches
  11 hobgoblins
  6 jackals
  9 kobolds
  2 ball pythons
  5 giant newts (D:1)
  14 goblins
  5 rats
85 creatures vanquished.

Vanquished Creatures (others)
  An octopode (D:1)
  2 elves (D:1)
  2 trolls (D:1)
  A spriggan (D:1)
  A human (D:1)
  A formicid (D:1)
  2 nagas (D:1)
  2 dwarves (D:1)
  2 mummies (D:1)
  A kobold (D:1)
  5 tentacles (D:1)
  32 tentacle segments (D:1)
52 creatures vanquished.

Grand Total: 137 creatures vanquished

Notes
Turn   | Place    | Note
--------------------------------------------------------------
     0 | D:1      | onwiheg the Centaur Berserker began the quest for the Orb.
     0 | D:1      | Reached XP level 1. HP: 19/19 MP: 1/1
     2 | D:1      | Noticed a naga
     2 | D:1      | Noticed a dwarf
     2 | D:1      | Noticed a formicid
     2 | D:1      | Noticed a dwarf
     2 | D:1      | Noticed a human
     2 | D:1      | Noticed a naga
     2 | D:1      | Noticed a kraken
     2 | D:1      | Noticed an octopode
     2 | D:1      | Noticed a troll
     2 | D:1      | Noticed a troll
     2 | D:1      | Noticed an elf
     2 | D:1      | Noticed a spriggan
     2 | D:1      | Noticed an elf
     7 | D:1      | Killed a spriggan
     9 | D:1      | Killed an octopode
    12 | D:1      | Killed an elf
    13 | D:1      | Killed a troll
    13 | D:1      | Killed a human
    13 | D:1      | Killed a dwarf
    14 | D:1      | Killed an elf
    14 | D:1      | Killed a naga
    14 | D:1      | Killed a dwarf
    16 | D:1      | Killed a formicid
    17 | D:1      | Killed a naga
    19 | D:1      | Killed a troll
    91 | D:1      | Reached XP level 2. HP: 19/26 MP: 2/2
   220 | D:1      | Acquired Trog's second power
   393 | D:1      | Reached XP level 3. HP: 28/31 MP: 3/3
   524 | D:1      | Reached skill level 4 in Polearms
  1367 | D:3      | Reached XP level 4. HP: 34/38 MP: 4/4
  1588 | D:3      | Reached skill level 5 in Polearms
  1815 | D:3      | Reached XP level 5. HP: 3/45 MP: 5/5
  1989 | D:4      | Noticed Blork the orc
  2037 | D:4      | Acquired Trog's third power
  2063 | D:4      | Found Jyatulur's Jewellery Emporium.
  2089 | D:4      | Killed from afar by an orc priest

Vault maps used:
D:1:      nicolae_arrival_kraken_aquarium_b, minmay_ruptured
D:2:      serial_forest, infiniplex_forest_lined_4_way,
          infiniplex_forest_lined_corner, infiniplex_forest_straight_3,
          infiniplex_forest_clump_long, infiniplex_forest_lined_room_
D:3:      first_bread
D:4:      minmay_temple_entry_large_hall, serial_shops, shop,
          fedhas_bush_and_centaur_altar, uniq_blork_the_orc

Action                   |  1- 3 |  4- 6 || total
-------------------------+-------+-------++-------
Melee: Spear             |   147 |    95 ||   242
       Trident           |       |    56 ||    56
Invok: Berserk           |     1 |     1 ||     2
  Eat: Chunk             |     1 |     2 ||     3
